 Dungeon Crawl Stone Soup version 0.25-a0-523-g9afb2ee040 (webtiles) character file.

Game seed: 15805266622335289106, levelgen mode: deterministic

30441 Flugslaktarn the Cleaver (level 13, -16/121 HPs)
             Began as a Deep Dwarf Fighter on Feb 18, 2020.
             Was a High Priest of Makhleb.
             Demolished by Agnes
             ... wielding a +3 lajatang of speed
              (24 damage)
             ... on level 14 of the Dungeon.
             The game lasted 00:07:09 (8129 turns).

Flugslaktarn the Cleaver (Deep Dwarf Fighter)       Turns: 8129, Time: 00:07:10

Health: -16/121    AC: 22    Str: 26    XL:     13   Next: 20%
Magic:  11/13      EV:  7    Int: 10    God:    Makhleb [*****.]
Gold:   1964       SH: 13    Dex: 16    Spells: 12/12 levels left

rFire    . . .     SeeInvis .   s - +2 war axe (vamp)
rCold    . . .     Gourm    .   c - +0 kite shield
rNeg     . . .     Faith    +   j - +0 plate armour
rPois    +         Spirit   .   y - +1 helmet
rElec    .         Reflect  .   l - +0 cloak
rCorr    .         Harm     .   F - +0 pair of gloves
MR       +....     Clarity  +   n - +1 pair of boots {Stlth+}
Stlth    ..........             D - amulet of faith
HPRegen  0.00/turn              f - ring of Ashepran {rPois Dex+4}
MPRegen  0.13/turn              (no ring)

@: non-regenerating
A: damage resistance, heal wounds, clarity, clever 1, sense surroundings 2,
MP-powered wands, no regeneration
a: Heal Wounds, Minor Destruction, Lesser Servant of Makhleb, Major Destruction,
Greater Servant of Makhleb, Renounce Religion


You were on level 14 of the Dungeon.
You worshipped Makhleb.
Makhleb was extremely pleased with you.
You were hungry.

You visited 2 branches of the dungeon, and saw 15 of its levels.

You collected 1964 gold pieces.

Inventory:

Hand Weapons
 a - a +0 war axe
 s - a +2 vampiric war axe (weapon)
   (You found it on level 7 of the Dungeon)
Missiles
 x - 5 throwing nets (quivered)
Armour
 c - a +0 kite shield (worn)
 j - a +0 plate armour (worn)
   (You found it on level 1 of the Dungeon)
 l - a +0 cloak (worn)
   (You found it on level 3 of the Dungeon)
 n - a +1 pair of boots of stealth (worn)
   (You found it on level 8 of the Dungeon)
 y - a +1 helmet (worn)
   (You found it on level 8 of the Dungeon)
 F - a +0 pair of gloves (worn)
   (You found it on level 10 of the Dungeon)
Jewellery
 f - the ring of Ashepran (left hand) {rPois Dex+4}
   (You found it on level 8 of the Dungeon)

   [ring of poison resistance]

   It affects your dexterity (+4).
   It protects you from poison.
 D - an amulet of faith (around neck)
   (You found it on level 6 of the Dungeon)
 E - an uncursed ring of fire
   (You found it on level 10 of the Dungeon)
 I - an uncursed ring of fire
   (You found it on level 11 of the Dungeon)
Wands
 o - a wand of acid (4)
   (You found it on level 8 of the Dungeon)
Scrolls
 i - 2 scrolls of enchant armour
 p - 2 scrolls of fear
 t - 2 scrolls of teleportation
 u - 3 scrolls of remove curse
 v - a scroll of fog
 z - 2 scrolls of blinking
 J - a scroll of holy word
Potions
 d - a potion of might
 g - a potion of stabbing
 h - 4 potions of haste
 k - 5 potions of flight
 m - 2 potions of lignification
 q - 5 potions of curing
 w - 2 potions of heal wounds
 A - a potion of brilliance
 C - a potion of magic
 K - a potion of ambrosia
Comestibles
 e - 21 rations


   Skills:
 + Level 9.1 Fighting
 * Level 14.1 Axes
 + Level 10.8 Armour
 + Level 10.8 Shields
 + Level 10.1 Invocations
 - Level 6.0 Evocations


You had 12 spell levels left.
You didn't know any spells.
Your spell library was empty.

Dungeon Overview and Level Annotations

Branches:
Dungeon (14/15)            Temple (1/1) D:6            Lair (0/6) D:10
    Orc (0/2) D:12
 Vaults: D:13-14

Altars:
Ashenzari
Cheibriados
Dithmenos
Elyvilon
Fedhas
Gozag
Hepliaklqana
Kikubaaqudgha
Makhleb
Nemelex Xobeh
Okawaru
Qazlal
Ru
Sif Muna
Trog
Uskayaw
Vehumet
Wu Jian
Xom
Yredelemnul
Zin
The Shining One

Shops:
D:4 (   D:12 [

Annotations:
D:5 3 runed translucent doors, Tenz's ghost, novice CeHu
D:9 exclusion: statue
D:14 Agnes


Innate Abilities, Weirdness & Mutations

You are resistant to damage.
You can heal yourself by infusing magical energy.
You passively map the area around you.
You do not regenerate.
You possess an exceptional clarity of mind.
Your mind is acute. (Int +2)
You expend magic power (3 MP) to strengthen your wands.


Message History

You feel a surge of power!
The bolt of acid hits Agnes!!
Agnes is splashed with acid.
The acid corrodes Agnes!
Agnes is moderately wounded.
The bolt of acid hits the raiju!
The raiju is splashed with acid!
The acid corrodes the raiju!
The raiju is heavily wounded.
Agnes hits you with a +3 lajatang of speed!!
Your ynoxinul gestures.
Agnes hits you with a +3 lajatang of speed!!!
* * * LOW HITPOINT WARNING * * *
Your magical essence is drained by the effort!
You feel much better.
Agnes hits you with a +3 lajatang of speed!!
* * * LOW HITPOINT WARNING * * *
A wight comes into view. It is wielding a +0 long sword.
A wight comes into view. It is wielding a +0 war axe.
You block the wight's attack.
Your ynoxinul hits the raiju!
A demon appears!
Agnes hits you with a +3 lajatang of speed!!
You die...

, , *, , ,, *
zz * ,*#. ** ,
* , #.* , + * ,
, , #.* , , *
#.* , , *#.## *
.. , #.z#
#####.. ,, *#@#
....... ,,, * *
* ##i# *.......
,
#3h###.......,,
*
,#.43.5.......,
,,
#5.5.........
,,, * ,
*,#............
* #.##.........
, ,* #.
##...>.... , ,,
.. ,........% ,


You could see Agnes, a raiju, 3 wights, a friendly orange demon, a friendly
neqoxec, a friendly ynoxinul and 2 friendly ufetubi.

Vanquished Creatures
  Rupert (D:12)
  Gastronok (D:12)
  Snorg (D:10)
  Erolcha (D:12)
  Harold (D:8)
  3 death yaks (D:10)
  3 two-headed ogres
  A tengu warrior (D:13)
  3 unseen horrors
  3 deep elf archers (D:13)
  3 deep elf magi
  2 ugly things
  2 manticores
  A cyclops (D:8)
  A centaur zombie (D:12)
  Joseph (D:7)
  2 gargoyles
  A hornet (D:7)
  2 hippogriffs
  Prince Ribbit (D:9)
  5 wraiths
  24 yaks
  3 wyverns
  A hungry ghost (D:10)
  3 vampire mosquitoes (D:12)
  Menkaure (D:7)
  A soldier ant (D:8)
  2 water moccasins
  Duvessa (D:7)
  5 orc warriors
  2 ice beasts
  3 sky beasts
  A phantom (D:9)
  A black bear (D:6)
  A necrophage (D:13)
  5 ogres
  2 big kobolds
  9 centaurs
  A crocodile (D:11)
  7 bullfrogs
  A gnoll sergeant (D:10)
  Dowan (D:7)
  2 scorpions
  2 wyvern skeletons
  7 killer bees
  3 howler monkeys (D:7)
  6 jellies
  4 crimson imps
  A quasit (D:13)
  6 hounds
  6 orc priests
  3 bullfrog zombies
  2 bullfrog skeletons
  2 centaur skeletons
  9 orc wizards
  An iguana (D:12)
  8 worker ants
  A killer bee zombie (D:7)
  A hound zombie (D:8)
  A mummy (D:7)
  A hound skeleton (D:10)
  2 worker ant zombies
  10 gnolls
  5 adders
  3 shadow imps
  An ooze (D:5)
  An adder skeleton (D:8)
  5 leopard geckos
  40 orcs
  2 giant cockroaches
  A goblin (D:3)
  2 hobgoblins
  2 jackals (D:5)
  4 quokkas
  4 bats
  4 frilled lizards
  A giant cockroach zombie (D:5)
  13 kobolds
  4 rats
284 creatures vanquished.

Vanquished Creatures (collateral kills)
  2 hydras
  An orc (D:10)
3 creatures vanquished.

Grand Total: 287 creatures vanquished

Notes
Turn   | Place    | Note
-------+----------+-------------------------------------------
     0 | D:1      | Flugslaktarn the Deep Dwarf Fighter began the quest for the
                  | Orb.
     0 | D:1      | Reached XP level 1. HP: 20/20 MP: 1/1
   198 | D:1      | Reached XP level 2. HP: 22/27 MP: 2/2
   381 | D:2      | Noticed a centaur
   393 | D:2      | Killed a centaur
   393 | D:2      | Reached skill level 3 in Axes
   393 | D:2      | Reached XP level 3. HP: 31/34 MP: 2/2
   393 | D:2      | Reached XP level 4. HP: 38/42 MP: 3/3
   911 | D:4      | Found Asuuwole's Weapon Shoppe.
   954 | D:4      | Found a sparkling altar of Nemelex Xobeh.
  1124 | D:5      | Entered Level 5 of the Dungeon
  1138 | D:5      | Found a runed translucent gate.
  1139 | D:5      | Found a runed translucent gate.
  1140 | D:5      | Noticed a sky beast
  1140 | D:5      | Noticed Tenz's ghost (novice CeHu)
  1142 | D:5      | Found a runed translucent gate.
  1178 | D:5      | You fall into a shaft and drop 1 floor!
  1199 | D:6      | Reached skill level 4 in Axes
  1199 | D:6      | Reached XP level 5. HP: 37/49 MP: 4/4
  1355 | D:6      | Noticed a black bear
  1391 | D:6      | Reached XP level 6. HP: 40/56 MP: 5/5
  1392 | D:6      | Reached skill level 5 in Axes
  1416 | D:6      | Found an ancient bone altar of Kikubaaqudgha.
  1431 | D:6      | Found a basalt altar of Yredelemnul.
  1712 | D:5      | Found an iron altar of Okawaru.
  2417 | D:6      | Reached skill level 5 in Armour
  2417 | D:6      | Reached XP level 7. HP: 30/64 MP: 6/6
  2421 | D:6      | Found a staircase to the Ecumenical Temple.
  2438 | Temple   | Entered the Ecumenical Temple
  2568 | D:6      | Reached skill level 5 in Shields
  2868 | D:6      | Found a shattered altar of Ashenzari.
  2880 | D:6      | Found a snail-covered altar of Cheibriados.
  2926 | D:7      | Noticed Joseph
  2929 | D:7      | Found a bloodstained altar of Trog.
  2956 | D:7      | Killed Joseph
  2956 | D:7      | Reached skill level 6 in Axes
  2990 | D:7      | Reached XP level 8. HP: 73/73 MP: 6/6
  3027 | D:7      | Reached skill level 7 in Axes
  3032 | D:7      | Noticed a hornet
  3035 | D:7      | Paralysed by a hornet for 3 turns
  3044 | D:7      | Paralysed by a hornet for 2 turns
  3051 | D:7      | Killed a hornet
  3051 | D:7      | Reached skill level 5 in Fighting
  3077 | D:7      | Noticed Menkaure
  3106 | D:7      | Reached skill level 8 in Axes
  3114 | D:7      | Killed Menkaure
  3304 | D:7      | Found a snail-covered altar of Cheibriados.
  3414 | D:7      | Noticed Dowan
  3415 | D:7      | Noticed Duvessa
  3432 | D:7      | Killed Duvessa
  3432 | D:7      | Gained mutation: You passively map the area around you.
                  | [Deep Dwarf growth]
  3432 | D:7      | Reached XP level 9. HP: 55/81 MP: 6/6
  3433 | D:7      | Killed Dowan
  3473 | D:7      | Found a burning altar of Makhleb.
  3585 | D:7      | Became a worshipper of Makhleb the Destroyer
  3793 | D:8      | Reached skill level 1 in Invocations
  3859 | D:8      | Noticed Harold
  3885 | D:8      | Killed Harold
  3885 | D:8      | Reached skill level 9 in Axes
  4283 | D:8      | Reached * piety under Makhleb
  4293 | D:8      | Gained mutation: You are frail. (-10% HP) [potion of
                  | mutation]
  4293 | D:8      | Gained mutation: Your spells are a little harder to cast,
                  | but a little more powerful. [potion of mutation]
  4294 | D:8      | Lost mutation: You are frail. (-10% HP) [potion of
                  | mutation]
  4294 | D:8      | Lost mutation: Your spells are a little harder to cast, but
                  | a little more powerful. [potion of mutation]
  4294 | D:8      | Gained mutation: You expend magic power (3 MP) to
                  | strengthen your wands. [potion of mutation]
  4294 | D:8      | Gained mutation: You possess an exceptional clarity of
                  | mind. [potion of mutation]
  4294 | D:8      | Gained mutation: Your mind is acute. (Int +2) [potion of
                  | mutation]
  4295 | D:8      | Identified a scroll of acquirement
  4333 | D:8      | Noticed a deep elf mage
  4352 | D:8      | Noticed a cyclops
  4358 | D:8      | HP: 2/82 [deep elf mage/bolt of lightning (24)]
  4386 | D:8      | Killed a cyclops
  4386 | D:8      | Reached skill level 10 in Axes
  4386 | D:8      | Reached XP level 10. HP: 92/92 MP: 10/10
  4404 | D:8      | Killed a deep elf mage
  4425 | D:8      | Got a fine glass ring
  4549 | D:8      | Identified the ring of Ashepran {rPois Dex+4} (You found it
                  | on level 8 of the Dungeon)
  4633 | D:8      | Noticed a four-headed hydra
  4637 | D:8      | Reached skill level 5 in Invocations
  4643 | D:8      | Reached skill level 1 in Evocations
  4674 | D:8      | Killed a 12-headed hydra
  5030 | D:9      | Noticed Prince Ribbit
  5069 | D:9      | Reached ** piety under Makhleb
  5160 | D:9      | Killed Prince Ribbit
  5300 | D:9      | Found a radiant altar of Vehumet.
  5439 | D:9      | Found an opulent altar of Gozag.
  5521 | D:10     | Entered Level 10 of the Dungeon
  5521 | D:10     | Found a staircase to the Lair.
  5521 | D:10     | Noticed a death yak
  5522 | D:10     | Noticed a death yak
  5524 | D:10     | Noticed a death yak
  5545 | D:10     | Killed a death yak
  5545 | D:10     | Reached skill level 11 in Axes
  5555 | D:10     | Reached XP level 11. HP: 81/100 MP: 12/12
  5559 | D:10     | Killed a death yak
  5560 | D:10     | Killed a death yak
  5673 | D:10     | Found a white marble altar of Elyvilon.
  5740 | D:10     | Reached *** piety under Makhleb
  6105 | D:11     | Noticed Snorg
  6149 | D:10     | Killed Snorg
  6149 | D:10     | Reached **** piety under Makhleb
  6149 | D:10     | Reached skill level 5 in Evocations
  6150 | D:10     | Reached skill level 12 in Axes
  6194 | D:11     | Noticed a five-headed hydra
  6223 | D:10     | Killed a seven-headed hydra
  6311 | D:11     | Noticed a brown ugly thing
  6328 | D:11     | Killed a brown ugly thing
  6608 | D:12     | Found Epleze's Antique Armour Boutique.
  6650 | D:12     | Noticed Rupert
  6696 | D:12     | Killed Rupert
  6696 | D:12     | Reached XP level 12. HP: 99/110 MP: 10/12
  6814 | D:12     | Noticed Gastronok
  6835 | D:12     | Killed Gastronok
  6835 | D:12     | Reached ***** piety under Makhleb
  6835 | D:12     | Reached skill level 13 in Axes
  6835 | D:12     | Reached skill level 10 in Armour
  6835 | D:12     | Reached skill level 10 in Shields
  6915 | D:12     | Found a staircase to the Orcish Mines.
  6982 | D:12     | Noticed Erolcha
  6992 | D:12     | Killed Erolcha
  7090 | D:12     | Noticed a two-headed ogre
  7098 | D:12     | Killed a two-headed ogre
  7475 | D:13     | Noticed a tengu warrior
  7490 | D:13     | Killed a tengu warrior
  7520 | D:13     | Reached XP level 13. HP: 120/120 MP: 14/14
  7672 | D:13     | Reached skill level 14 in Axes
  7694 | D:13     | Reached skill level 10 in Invocations
  8088 | D:14     | Noticed a balrug
  8116 | D:14     | Noticed Agnes
  8129 | D:14     | Demolished by Agnes

Levels and vault maps discovered:
D:1:      wheals_arrival_linesprint, layout_loops_ring
D:2:      layout_basic, first_ration
D:3:      layout_basic, ebering_ghost_sewer_d
D:4:      layout_rooms, serial_shops, shop, nemelex_spade_bored_becter
D:5:      minmay_skewed_foursquare, layout_basic, marbit_many_paths,
          gammafunk_ghost_split
D:6:      layout_loops_corners, nicolae_overflow_quartered_altars,
          minmay_temple_entry_arrows
D:7:      layout_basic, overflow_temple_1_default,
          lemuel_coloured_pillars_altar, minivault_26, grunt_ogre_cave,
          chei_slow_surprise, uniq_joseph, uniq_duvessa, uniq_menkaure
D:8:      minmay_the_grid_octo_triangle [minmay_the_grid_octo_teeth,
          minmay_the_grid_octo_prize_star, minmay_the_grid_octo_77],
          layout_basic, nrook_campfire, uniq_harold
D:9:      layout_rooms, vehumet_statue, kennysheep_mini_moat,
          uniq_prince_ribbit1
D:10:     layout_rooms, dpeg_lair_monsters, elyvilon_altar_3
D:11:     layout_gridville, uniq_snorg
D:12:     layout_stronghold, orc_0_dummy, serial_shops, kennysheep_little_box,
          uniq_gastronok, uniq_erolcha, uniq_rupert
D:13:     layout_rooms
D:14:     layout_rooms, grunt_vaults_entry_tiered, uniq_kirke, uniq_agnes
Temple:   cyrus_circular_temple

Skill      XL: |  1  2  3  4  5  6  7  8  9 10 11 12 13 |
---------------+----------------------------------------+-----
Fighting       | 3 4 5 6 7 8 9 |  9.1
Axes           | 3 4 5 6 8 10 11 12 13 14 | 14.1
Armour         | 4 5 6 7 8 9 10 | 10.8
Shields        | 4 5 6 7 8 9 10 | 10.8
Invocations    | 4 6 8 9 10 | 10.1
Evocations     | 3 6 |  6.0

Action                   |  1- 3 |  4- 6 |  7- 9 | 10-12 | 13-15 || total
-------------------------+-------+-------+-------+-------+-------++-------
Melee: War axe           |    67 |   180 |   262 |   718 |    79 ||  1306
Invok: Lesser Servant of |       |       |       |     3 |     3 ||     6
       Greater Servant o |       |       |       |       |     1 ||     1
 Abil: Heal Wounds       |     1 |     2 |    10 |     8 |     1 ||    22
Evoke: Phantom mirror    |       |       |       |     2 |       ||     2
       Wand              |       |       |       |     1 |     1 ||     2
  Use: Potion            |       |       |     3 |     1 |       ||     4
       Scroll            |       |       |    12 |     1 |     8 ||    21
  Eat: Chunk             |       |     3 |     5 |    16 |     2 ||    26
       Ration            |       |     1 |       |       |       ||     1
Armor: Scale mail        |    14 |       |       |       |       ||    14
       Plate armour      |    19 |   158 |   168 |   553 |    64 ||   962
Dodge: Dodged            |    22 |    32 |    53 |   205 |    15 ||   327
Block: Kite shield       |    44 |   116 |   175 |   541 |    45 ||   921

Table legend:
 A = Non-vault XP
 B = Vault XP
 C = Vault XP percentage of total XP
 D = Non-vault monster count
 E = Vault monster count
 F = Vault count percentage of total count
                 A         B        C        D         E       F
            +---------+---------+-------+---------+---------+-------
      Total |   27490 |   15998 |  36.8 |     254 |      33 |  11.5
            +---------+---------+-------+---------+---------+-------
        D:1 |      13 |       0 |   0.0 |       8 |       0 |   0.0
        D:2 |     131 |       0 |   0.0 |       8 |       0 |   0.0
        D:3 |      12 |       0 |   0.0 |       9 |       0 |   0.0
        D:4 |      19 |       0 |   0.0 |       4 |       0 |   0.0
        D:5 |     118 |       4 |   3.3 |       3 |       2 |  40.0
        D:6 |     611 |       0 |   0.0 |      14 |       0 |   0.0
        D:7 |    1169 |     962 |  45.1 |      17 |       6 |  26.1
        D:8 |    1255 |    3925 |  75.8 |      32 |      14 |  30.4
        D:9 |     613 |     255 |  29.4 |      11 |       1 |   8.3
       D:10 |    3819 |    4400 |  53.5 |      46 |       7 |  13.2
       D:11 |    3455 |       0 |   0.0 |      34 |       0 |   0.0
       D:12 |    5726 |    6452 |  53.0 |      35 |       3 |   7.9
       D:13 |   10549 |       0 |   0.0 |      33 |       0 |   0.0
            +---------+---------+-------+---------+---------+-------
